 Dungeon Crawl Stone Soup version 0.30.0-15-g856e2d3f33 (webtiles) character file.

Game seed: 15965732563612116675

123 qw the Chopper (level 5, -10/32 HPs)
             Began as a Gargoyle Fighter on May 21, 2023.
             Mangled by an ogre
             ... wielding a +0 giant spiked club
              (28 damage)
             ... on level 3 of the Dungeon.
             The game lasted 00:01:02 (2383 turns).

qw the Chopper (Gargoyle Fighter)                   Turns: 2383, Time: 00:01:03

Health: -10/32     AC: 10    Str: 21    XL:     5   Next: 7%
Magic:  5/5        EV:  9    Int:  9    God:
Gold:   198        SH:  4    Dex:  9    Spells: 4/4 levels left

rFire   . . .        Y - +1 war axe
rCold   . . .        c - +0 buckler
rNeg    + . .        b - +0 scale mail
rPois   inf          (no helmet)
rElec   +            (no cloak)
rCorr   .            (no gloves)
SInv    .            (no boots)
Will    .....        (no amulet) Stlth
                     (no ring)
HPRegen 0.25/turn    (no ring)
MPRegen 0.09/turn

%: no passive effects
@: no status effects
A: sickness immunity, AC +4, negative energy resistance 1, electricity
resistance, torment resistance 1, petrification resistance
a: no special abilities


You were on level 3 of the Dungeon.
You visited 1 branch of the dungeon, and saw 4 of its levels.

You collected 198 gold pieces.


Innate Abilities, Weirdness & Mutations

You are immune to sickness and miasma.
Your stone body is resilient. (AC +4)
You are immune to poison.
You resist negative energy. (rN+)
You are resistant to electric shocks. (rElec)
You are resistant to unholy torment.
You are immune to petrification.


   Skills:
 - Level 3.2 Fighting
 + Level 4.6 Axes
 - Level 3.2 Armour
 - Level 3.2 Shields


You had 4 spell levels left.
You didn't know any spells.
Your spell library was empty.

Inventory:

Hand Weapons
 m - a +0 whip
 Y - a +1 war axe (weapon)
Armour
 b - a +0 scale mail (worn)
 c - a +0 buckler (worn)
Scrolls
 a - a scroll of teleportation
 k - a scroll of identify
Potions
 d - a potion of might
 e - 4 potions of curing
 f - 2 potions of mutation
 g - a potion of haste {unknown}
 h - a potion of ambrosia {unknown}
 i - a potion of lignification {unknown}
 l - a potion of degeneration {unknown}

Dungeon Overview and Level Annotations

Branches:
Dungeon (4/15)
 Temple: D:4-7

Altars:

Shops:
D:3 (

Annotations:
D:3 1 runed translucent door, qw's ghost, amateur GrFi


Message History

The iguana bites you but does no damage.
You barely miss the iguana. The iguana bites you!
2288 ||| STAIRDANCE The adder barely misses you.
The iguana barely misses you.
You climb upwards.
Level annotation: 1 runed translucent door, qw's ghost, amateur GrFi
There is a stone staircase leading down here.
You barely miss the iguana. You slash the adder! The adder bites you.
The iguana closely misses you. You block the adder's attack.
You hit the adder.
You kill the adder!
You slash the iguana! The iguana bites you.
The iguana bites you but does no damage.
You slash the iguana!
You kill the iguana!
You have reached level 5!
You start resting.
HP restored.
You see here 3 poisoned darts.
Could not explore, unopened runed door.
(D) Dungeon
Where to? (* - list waypoints, Enter - D:4, ? - help)
What level of the Dungeon? (default 1, ? - help) Qw's ghost turns its malevolent gaze towards you.
There is a stone staircase leading down here.
You climb downwards.
The ogre hits you with a +0 giant spiked club!
There is a stone staircase leading up here.
2381 ||| STAIRDANCE The ogre hits you with a +0 giant spiked club!
You climb upwards.
Level annotation: 1 runed translucent door, qw's ghost, amateur GrFi
There is a stone staircase leading down here.
You barely miss the ogre.
The ogre hits you with a +0 giant spiked club!!
Ouch! That really hurt!
You die...

###### #.##.##.###.#.#.
#.##.##...[..... #.##.##.#####.#.
##############.##.##.# #.#.
#............#.##.##.# #.#.
#.##########.#.##.##.#####.#.
#####.###### #.#.............#.
...........# #%####........###.
.####.####.#####@####<.#.###.# ##
## #.# #.....O.......#.###.# #.#
####........(.....##.# #
#.###.##.###.#####.#(###.# #
#####..[.#................##.# ##
........###...###.####.##.##.###.
########.#......#.# #.##.##.##..
##.#...#.#.# #.##.##.##..
#.#####.#.# #.#...#....#


You could see an ogre.

Vanquished Creatures
  An iguana (D:3)
  5 adders
  2 worms
  5 endoplasms
  A giant cockroach (D:1)
  7 hobgoblins
  2 jackals (D:1)
  7 kobolds
  A quokka (D:2)
  5 ball pythons
  5 bats
  4 frilled lizards
  2 goblins
  3 rats
50 creatures vanquished.

Notes
Turn   | Place    | Note
-------+----------+-------------------------------------------
     0 | D:1      | qw the Gargoyle Fighter began the quest for the Orb.
     0 | D:1      | Reached XP level 1. HP: 14/14 MP: 1/1
     0 | D:1      | 0 ||| qw: Version: 0.2-a-98-g16b38d9
     0 | D:1      | 0 ||| qw: Game counter: 28
     0 | D:1      | 0 ||| qw: Always use a shield: true
     0 | D:1      | 0 ||| qw: God list: Okawaru
     0 | D:1      | 0 ||| qw: Allow faded altars: false
     0 | D:1      | 0 ||| qw: Do Orc after D:15 true
     0 | D:1      | 0 ||| qw: Do second Lair branch before Depths: true
     0 | D:1      | 0 ||| qw: Lair rune preference: random
     0 | D:1      | 0 ||| qw: Plans: Normal, Zot:1-4, God:TSO, Crypt, Tomb,
                  | Pan, Slime:5, Hells, Abyss, Win
     0 | D:1      | 0 ||| PLANNING D:1-11
    41 | D:1      | Reached skill level 2 in Axes
   243 | D:1      | Reached XP level 2. HP: 16/19 MP: 2/2
   835 | D:1      | 835 ||| READING scroll labelled FOWU WALEO.
   836 | D:1      | 836 ||| DRINKING 3 black potions.
   933 | D:2      | 933 ||| Stepping ~*~*~tactically~*~*~ (stealth).
   942 | D:2      | Reached skill level 3 in Axes
  1062 | D:2      | Reached XP level 3. HP: 21/23 MP: 3/3
  1103 | D:2      | 1103 ||| DROPPING +0 club.
  1393 | D:2      | 1393 ||| DROPPING ring of magical power.
  1394 | D:2      | 1394 ||| READING scroll labelled SOTUIL XOLEO.
  1495 | D:2      | 1495 ||| READING 3 scrolls labelled XAAFFA BORUF.
  1496 | D:2      | 1496 ||| READING 3 scrolls labelled VEOWOIREF.
  1497 | D:2      | 1497 ||| READING 2 scrolls of identify.
  1497 | D:2      | 1497 ||| IDENTIFYING viscous grey potion
  1498 | D:2      | 1498 ||| DROPPING 2 scrolls of poison.
  1563 | D:3      | Reached XP level 4. HP: 28/28 MP: 4/4
  1818 | D:3      | Reached skill level 4 in Axes
  1891 | D:3      | Found a runed translucent door.
  1893 | D:3      | Noticed qw's ghost (amateur GrFi)
  1893 | D:3      | Noticed an ice beast
  1990 | D:3      | Found Ecvoh's Weapon Emporium.
  2216 | D:3      | 2216 ||| READING 2 scrolls labelled IKYMNE MAFF.
  2269 | D:3      | 2269 ||| READING scroll labelled WIAMAD VUTH.
  2285 | D:4      | Noticed an ogre
  2288 | D:4      | 2288 ||| STAIRDANCE
  2293 | D:3      | Reached XP level 5. HP: 17/32 MP: 5/5
  2381 | D:4      | 2381 ||| STAIRDANCE
  2383 | D:3      | Mangled by an ogre

Levels and vault maps discovered:
D:1:      dpeg_arrival_houses_and_road, layout_basic
D:2:      layout_rooms, grunt_decor_fettered, minmay_between
D:3:      layout_loops_ring, ebering_ghost_inner_flame, serial_shops, shop
D:4:      layout_rooms, uniq_ijyb

Skill      XL: |  1  2  3  4 |
---------------+-------------+-----
Axes           | 2 3 4 |  4.6
Fighting       | |  3.2
Armour         | |  3.2
Shields        | |  3.2

Action                     |  1- 3 |  4- 6 || total
---------------------------+-------+-------++-------
  Melee: War axe           |   103 |    39 ||   142
    Use: Scroll            |     5 |     2 ||     7
         Potion            |     1 |       ||     1
 Armour: Scale mail        |    38 |    12 ||    50
  Dodge: Dodged            |    52 |    16 ||    68
  Block: Buckler           |    17 |     6 ||    23

Table legend:
 A = Non-vault XP
 B = Vault XP
 C = Vault XP percentage of total XP
 D = Non-vault monster count
 E = Vault monster count
 F = Vault count percentage of total count
                 A         B        C        D         E       F
            +---------+---------+-------+---------+---------+-------
      Total |     173 |       3 |   1.7 |      48 |       2 |   4.0
            +---------+---------+-------+---------+---------+-------
        D:1 |      22 |       0 |   0.0 |      13 |       0 |   0.0
        D:2 |      52 |       3 |   5.5 |      17 |       2 |  10.5
        D:3 |      99 |       0 |   0.0 |      18 |       0 |   0.0
            +---------+---------+-------+---------+---------+-------
